 Dungeon Crawl Stone Soup version 0.18.1-47-g9310371 (webtiles) character file.

766 Shtopit the Shield-Bearer (level 8, -11/61 HPs)
             Began as a Formicid Fighter on June 18, 2016.
             Mangled by Pikel
             ... wielding a +0 whip of electrocution
              (18 damage)
             ... on level 5 of the Dungeon.
             The game lasted 00:11:08 (4543 turns).

Shtopit the Shield-Bearer (Formicid Fighter)        Turns: 4543, Time: 00:11:09

Health: -11/61     AC:  7    Str: 22    XL:     8   Next: 8%
Magic:  8/8        EV: 10    Int:  9    God:
Gold:   218        SH: 15    Dex: 10    Spells: 0 memorised, 7 levels left

rFire  . . .     SeeInvis +     a - +0 long sword
rCold  . . .     Gourm    .     b - +0 scale mail
rNeg   . . .     Faith    .     y - +0 large shield
rPois  .         Spirit   .     (helmet unavailable)
rElec  .         Dismiss  .     (no cloak)
rCorr  .         Reflect  .     (no gloves)
SustAt .         Harm     .     (no boots)
MR     .....                    (no amulet)
Stlth  +.........               g - +2 ring of evasion
                                c - ring of stealth

@: not resistant to hostile enchantments, very unstealthy
A: permanent stasis, dig shafts and tunnels, four strong arms, antennae 3
a: Dig, Shaft Self


You were on level 5 of the Dungeon.
You were hungry.

You visited 1 branch of the dungeon, and saw 5 of its levels.

You collected 218 gold pieces.

Inventory:

Hand Weapons
 a - a +0 long sword (weapon)
Missiles
 o - 36 bolts
Armour
 b - a +0 scale mail (worn)
 y - a +0 large shield (worn)
Jewellery
 c - a ring of stealth (left hand)
 g - a +2 ring of evasion (right hand)
Wands
 d - a wand of polymorph (10/24)
 r - a wand of flame (35/48)
Scrolls
 h - a scroll of fear
 p - 2 scrolls of identify
 q - 3 scrolls of enchant weapon {unknown}
 u - a scroll of teleportation {unknown}
Potions
 e - 3 potions of flight {unknown}
 i - a potion of ambrosia {unknown}
 l - 2 potions of haste {unknown}
 m - a potion of might
 n - 2 potions of lignification {unknown}
 s - a potion of mutation {unknown}
 w - 2 potions of curing {unknown}
Comestibles
 f - 3 bread rations
 j - a beef jerky
 k - a royal jelly
 v - 2 fruits
 x - 3 meat rations


   Skills:
 + Level 4.7 Fighting
 + Level 3.6 Long Blades
 + Level 5.2 Armour
 + Level 3.4 Dodging
 + Level 1.3 Stealth
 + Level 6.2 Shields
 + Level 0.2 Unarmed Combat


You had 7 spell levels left.
You didn't know any spells.

Dungeon Overview and Level Annotations

Branches:
Dungeon (5/15)
 Temple: D:4-7

Altars:
Fedhas
Gozag
Kikubaaqudgha
Nemelex Xobeh
Sif Muna

Annotations:
D:5 Pikel


Innate Abilities, Weirdness & Mutations

You are under a permanent stasis effect.
You can dig through walls and to a lower floor.
Your four strong arms can wield two-handed weapons with a shield.
You have a pair of large antennae on your head (SInv).


Message History

Pikel is lightly wounded.
You block the slave's attack. Pikel hits you but does no damage.
You are electrocuted!
The slave hits you.
A slave comes into view.
You barely miss Pikel.
Pikel is lightly wounded.
Pikel hits you with a whip of electrocution.
You block the slave's attack.
Are you sure you want to shaft yourself?
You are feeling hungry.
You block Pikel's attack. The slave hits you!
* * * LOW HITPOINT WARNING * * *
The slave hits you.
* * * LOW HITPOINT WARNING * * *
You begin to dig a shaft.
You continue digging a shaft.
The slave shouts!
Pikel hits you with a whip of electrocution.
* * * LOW HITPOINT WARNING * * *
You are electrocuted!
You die...

#.# .# .. #.#
#.##p# ..#.#
#.#p# ...# #Kp#
#@p# ###.######
#..>.....#
#........# {
#....(...#
####........###
................
.........#######
##. #####....#


You could see Pikel and 4 slaves.

Vanquished Creatures
  Grinder (D:3)
  A giant frog (D:3)
  3 scorpions
  A howler monkey (D:4)
  A crimson imp (D:5)
  A hound (D:4)
  Terence (D:3)
  3 worker ants (D:4)
  Robin (D:2)
  2 adders (D:2)
  2 oozes (D:2)
  2 adder skeletons (D:4)
  5 worms
  2 dart slugs
  7 giant geckos
  2 orcs
  2 ball pythons
  3 giant cockroaches
  15 goblins
  10 hobgoblins
  9 jackals
  3 quokkas (D:3)
  12 bats
  3 giant newts (D:3)
  12 kobolds
  8 rats
112 creatures vanquished.

Notes
Turn   | Place    | Note
--------------------------------------------------------------
     0 | D:1      | Shtopit the Formicid Fighter began the quest for the Orb.
     0 | D:1      | Reached XP level 1. HP: 18/18 MP: 1/1
   171 | D:1      | Reached XP level 2. HP: 15/24 MP: 2/2
   531 | D:1      | Reached XP level 3. HP: 27/29 MP: 3/3
   707 | D:1      | Reached skill level 4 in Shields
   950 | D:2      | Reached XP level 4. HP: 29/35 MP: 4/4
  1109 | D:2      | Reached skill level 1 in Dodging
  1466 | D:2      | Noticed Robin
  1490 | D:2      | Reached XP level 5. HP: 21/41 MP: 5/5
  1505 | D:2      | Killed Robin
  1956 | D:2      | Found a deep blue altar of Sif Muna.
  2153 | D:3      | Found an opulent altar of Gozag.
  2153 | D:3      | Found a sparkling altar of Nemelex Xobeh.
  2466 | D:3      | Noticed Terence
  2473 | D:3      | Killed Terence
  2473 | D:3      | Reached skill level 1 in Stealth
  2689 | D:3      | Noticed Grinder
  2804 | D:3      | Killed Grinder
  2804 | D:3      | Reached skill level 5 in Shields
  2804 | D:3      | Reached XP level 6. HP: 33/49 MP: 6/6
  2804 | D:3      | Reached XP level 7. HP: 38/55 MP: 7/7
  3993 | D:4      | Reached skill level 5 in Armour
  4164 | D:4      | Reached skill level 6 in Shields
  4302 | D:5      | Entered Level 5 of the Dungeon
  4336 | D:5      | Reached XP level 8. HP: 54/61 MP: 8/8
  4375 | D:5      | Found a blossoming altar of Fedhas.
  4376 | D:5      | Found an ancient bone altar of Kikubaaqudgha.
  4537 | D:5      | Noticed Pikel
  4543 | D:5      | Mangled by Pikel

Skill      XL: |  1  2  3  4  5  6  7 |
---------------+----------------------+-----
Shields        | 4 5 6 |  6.2
Dodging        | 1 2 3 |  3.4
Armour         | 4 5 |  5.2
Stealth        | 1 |  1.3
Fighting       | 4 |  4.7
Long Blades    | 3 |  3.6
Unarmed Combat | |  0.2

Action                   |  1- 3 |  4- 6 |  7- 9 || total
-------------------------+-------+-------+-------++-------
Melee: Long sword        |   101 |   189 |   146 ||   436
       Unarmed           |       |     6 |       ||     6
 Abil: Shaft Self        |       |       |     1 ||     1
  Use: Potion            |       |     1 |       ||     1
       Scroll            |       |       |     3 ||     3
  Eat: Chunk             |       |     6 |     6 ||    12
Armor: Scale mail        |    58 |    83 |    41 ||   182
Dodge: Dodged            |    53 |    83 |    46 ||   182
Block: Shield            |    73 |   117 |    10 ||   200
       Large shield      |       |       |   109 ||   109
